 Dungeon Crawl Stone Soup version 0.18.1-48-g4cf74bf (webtiles) character file.

84 MistressOfTheDunes the Insei (level 4, 0/35 HPs)
             Began as a Mummy Monk on June 25, 2016.
             Slain by an adder (3 damage)
             ... on level 2 of the Dungeon.
             The game lasted 00:02:05 (2716 turns).

MistressOfTheDunes the Insei (Mummy Monk)           Turns: 2716, Time: 00:02:06

Health: 0/35       AC:  2    Str: 14    XL:     4   Next: 23%
Magic:  4/4        EV: 13    Int:  9    God:
Gold:   10         SH:  0    Dex: 15    Spells: 0 memorised, 3 levels left

rFire  x . .     SeeInvis .       - Unarmed
rCold  + . .     Gourm    .     (no armour)
rNeg   + + +     Faith    .     (no shield)
rPois  ∞         Spirit   .     f - +0 helmet
rElec  .         Dismiss  .     (no cloak)
rCorr  .         Reflect  .     (no gloves)
SustAt .         Harm     .     a - +0 pair of boots
MR     .....                    (no amulet)
Stlth  ++........               (no ring)
                                (no ring)

@: not resistant to hostile enchantments, unstealthy
A: no food or potions, fire vulnerability, cold resistance 1, negative energy
resistance 3, torment resistance, unbreathing
a: no special abilities


You were on level 2 of the Dungeon.
You were not hungry.

You visited 1 branch of the dungeon, and saw 2 of its levels.

You collected 10 gold pieces.


Innate Abilities, Weirdness & Mutations

You do not eat or drink.
Your flesh is vulnerable to fire.
You are immune to poison.
Your flesh is cold resistant.
You are immune to negative energy.
You are immune to unholy pain and torment.
You can survive without breathing.


   Skills:
 - Level 3.0 Fighting
 - Level 2.4 Dodging
 - Level 1.5 Stealth
 + Level 4.8 Unarmed Combat


You had 3 spell levels left.
You didn't know any spells.

Inventory:

Armour
 a - a +0 pair of boots (worn)
 f - a +0 helmet (worn)
Jewellery
 d - an uncursed amulet of regeneration {unknown}
Scrolls
 b - 2 scrolls of fear {unknown}
 c - a scroll of random uselessness {unknown}
 e - a scroll of enchant weapon {unknown}
 g - a scroll of blinking {unknown}
 h - a scroll of teleportation {unknown}

Dungeon Overview and Level Annotations

Branches:
Dungeon (2/15)

Altars:

▒.▒▒▒▒.▒▒▒▒
▒▒▒▒▒.▒........▒▒
▒.....▒........▒▒
▒▒▒.▒▒▒▒▒......[.▒▒
▒....%...........▒▒
▒.▒.▒▒▒▒▒▒.......▒▒
▒.▒.......)........
▒.▒▒▒▒▒▒▒▒▒▒▒.▒▒▒▒▒
▒.MSS.▒ ▒▒▒▒.▒▒...
▒▒▒▒▒.▒ ▒....▒▒.▒▒
▒.▒▒▒▒▒.▒ ▒.▒ ▒.▒
▒.▒ ▒.▒ ▒.▒ ▒.▒ ▒.▒
▒.▒ ▒.▒ ▒.▒ ▒.▒ ▒.▒


You could see an adder and a ball python.


Message History

You are too injured to fight recklessly!!!
You miss the adder!
The adder is moderately wounded!
The adder barely misses you!
You closely miss the adder!
The adder is moderately wounded!
The adder bites you! * * * don't die
* * * You closely miss the adder!
The adder is moderately wounded!
The adder bites you! * * * don't die
* * * You pummel the adder like a punching bag!
The adder is severely wounded!
The adder closely misses you!
You closely miss the adder!
The adder is severely wounded!
The adder misses you! The adder bites you! * * * don't die
* * * You barely miss the adder!
The adder is severely wounded!
The adder bites you but does no damage!
You barely miss the adder!
The adder is severely wounded!
The adder bites you! * * * don't die
* * * You closely miss the adder!
The adder is severely wounded!
The adder bites you! rip

Action                   |  1- 3 |  4- 6 || total
-------------------------+-------+-------++-------
Melee: Unarmed           |   209 |    16 ||   225
       Punch             |     7 |       ||     7
 Stab: Sleeping          |     4 |       ||     4
Armor: Skin              |     3 |     3 ||     6
Dodge: Dodged            |   144 |     5 ||   149

Vault maps used:
D:1:      elethiomel_arrival_maze
D:2:      uniq_terence

Notes
Turn   | Place    | Note
--------------------------------------------------------------
     0 | D:1      | MistressOfTheDunes the Mummy Monk began the quest for the Orb.
     0 | D:1      | Reached XP level 1. HP: 18/18 MP: 1/1
   251 | D:1      | Reached XP level 2. HP: 6/24 MP: 2/2
  1112 | D:1      | Reached skill level 4 in Unarmed Combat
  1481 | D:1      | Reached XP level 3. HP: 27/29 MP: 3/3
  2279 | D:2      | Noticed Terence
  2297 | D:2      | HP: 2/29 [Terence/falchion (5)]
  2609 | D:2      | Killed Terence
  2609 | D:2      | Reached XP level 4. HP: 28/35 MP: 4/4
  2715 | D:2      | HP: 2/35 [adder (5)]
  2716 | D:2      | Slain by an adder

Vanquished Creatures
  Terence (D:2)
  An adder (D:2)
  A dart slug (D:2)
  2 giant geckos
  A ball python (D:1)
  2 giant cockroaches (D:2)
  2 goblins
  5 hobgoblins
  7 jackals (D:1)
  8 kobolds
  9 bats
  4 giant newts
  2 rats (D:1)
45 creatures vanquished.
